 Dungeon Crawl Stone Soup version 0.29-a0-284-gf9362112df (webtiles) character file.

Game seed: 13064550889583451673

655 siradein the Grave Robber (level 7, -2/60 HPs)
             Began as a Deep Dwarf Necromancer on Mar 24, 2022.
             Was an Initiate of Makhleb.
             Slain by an ogre
             ... wielding a +0 giant spiked club
              (22 damage)
             ... on level 5 of the Dungeon.
             The game lasted 00:14:29 (4740 turns).

siradein the Grave Robber (Deep Dwarf Necromancer)  Turns: 4740, Time: 00:14:29

Health: -2/60      AC: 11    Str: 12    XL:     7   Next: 29%
Magic:  3/12       EV: 11    Int: 17    God:    Makhleb [......]
Gold:   234        SH:  0    Dex: 13    Spells: 4/12 levels left

rFire   . . .      SeeInvis .   i - +0 mace (protect)
rCold   + . .      Faith    .   (no shield)
rNeg    . . .      Spirit   .   k - +2 ring mail {rC+}
rPois   +          Reflect  .   g - +2 helmet
rElec   .          Harm     .   (no cloak)
rCorr   .          Rampage  .   n - +0 pair of gloves
Will    +....                   (no boots)
Stlth   +.........              (no amulet)
HPRegen 0.00/turn               l - ring of poison resistance
MPRegen 0.13/turn               (no ring)

@: very slightly contaminated
A: damage resistance, heal wounds, sense surroundings 1, no regeneration
a: Heal Wounds, Renounce Religion


You were on level 5 of the Dungeon.
You worshipped Makhleb.
Makhleb was noncommittal.
You visited 2 branches of the dungeon, and saw 6 of its levels.

You collected 234 gold pieces.

Inventory:

Hand Weapons
 i - a +0 mace of protection (weapon)
 m - a +2 dagger of holy wrath
 A - a +0 whip of freezing
Missiles
 t - 3 poisoned darts
Armour
 g - a +2 helmet (worn)
 k - a +2 ring mail of cold resistance (worn)
 n - a +0 pair of gloves (worn)
Jewellery
 l - a ring of poison resistance (left hand)
 x - a ring of ice
Wands
 o - a wand of paralysis (8)
Scrolls
 a - a scroll of silence {unknown}
 c - 3 scrolls of blinking {unknown}
 d - 5 scrolls of teleportation
 f - a scroll of fog {unknown}
 h - a scroll of immolation {unknown}
 q - 2 scrolls of fear {unknown}
 r - a scroll of vulnerability {unknown}
 v - a scroll of identify
 y - a scroll of enchant weapon {unknown}
Potions
 b - a potion of magic
 e - 3 potions of curing {unknown}
 j - a potion of heal wounds
 p - a potion of haste
 s - a potion of might
 u - a potion of lignification {unknown}
 w - a potion of berserk rage {unknown}
 z - a potion of ambrosia {unknown}


   Skills:
 + Level 2.1 Fighting
 + Level 2.0 Maces & Flails
 + Level 2.5 Armour
 + Level 3.6 Dodging
 - Level 2.4 Stealth
 + Level 3.3 Spellcasting
 * Level 6.9 Necromancy


You had 4 spell levels left.
You knew the following spells:

 Your Spells              Type           Power      Damage    Failure   Level
a - Vampiric Draining     Necr           26%        2d7       6%          3
b - Pain                  Necr           100%       1d9       2%          1
c - Animate Dead          Necr           13%        N/A       22%         4

Your spell library contained the following spells:

 Spells                   Type           Power      Damage    Failure   Level
 Animate Skeleton         Necr           52%        N/A       2%          1
 Corpse Rot               Necr/Air       28%        N/A       14%         2
 Magic Dart               Conj           8%         1d3       36%         1
 Call Imp                 Summ           2%         N/A       50%         2
 Poisonous Vapours        Pois/Air       4%         N/A       50%         2
 Mephitic Cloud           Conj/Pois/Air  2%         N/A       73%         3
 Agony                    Necr           26%        N/A       52%         5
 Borgnjor's Revivificati  Necr           13%        N/A       100%        8
 Necromutation            Tmut/Necr      7%         N/A       100%        8
 Death's Door             Necr           13%        N/A       100%        9


Dungeon Overview and Level Annotations

Branches:
Dungeon (5/15)             Temple (1/1) D:5

Altars:
Ashenzari
Cheibriados
Dithmenos
Elyvilon
Fedhas
Gozag
Kikubaaqudgha
Makhleb
Okawaru
Qazlal
Ru
Sif Muna
Trog
Uskayaw
Vehumet
Wu Jian
Zin
Ignis


Innate Abilities, Weirdness & Mutations

You are resistant to damage.
You can heal yourself by infusing magical energy.
You passively map a small area around you.
You do not regenerate.


Message History

An ogre comes into view. It is wielding a +0 giant spiked club.
The hound closely misses you. The hound bites you. The hound bites you.
* * * LOW HITPOINT WARNING * * *
The hound bites you but does no damage. The hound attacks as you move away!
The hound closely misses you.
The sentinel's mark upon you fades away.
A sky beast comes into view.
The white imp shouts!
The white imp gestures at you. The puff of frost misses you.
The hound bites you but does no damage.
Casting: Vampiric Draining (dangerous; 6% risk of failure)
Confirm with . or Enter, or press ? or * to list all spells.
Aiming: Vampiric Draining (dangerous; 6% risk of failure)
Press: ? - help, Shift-Dir - straight line, f - hound
Aim: a hound You draw life force from the hound!
You feel life coursing into your body. The hound bites you but does no damage.
Casting: Vampiric Draining (dangerous; 6% risk of failure)
Confirm with . or Enter, or press ? or * to list all spells.
Aiming: Vampiric Draining (dangerous; 6% risk of failure)
Press: ? - help, Shift-Dir - straight line, f/p - hound
Aim: a hound (heavily wounded)
You draw life force from the hound.
You feel life coursing into your body. The hound bites you but does no damage.
A lemure comes into view.
The hound barely misses you.
Casting: Vampiric Draining (dangerous; 6% risk of failure)
Confirm with . or Enter, or press ? or * to list all spells.
Aiming: Vampiric Draining (dangerous; 6% risk of failure)
Press: ? - help, Shift-Dir - straight line, f/p - hound
Aim: a hound (severely wounded)
You miscast Vampiric Draining.
You are very lightly contaminated with residual magic.
Nothing appears to happen.
The hound bites you but does no damage. The white imp barely misses you.
The ogre attacks as you move away!
The ogre hits you with a +0 giant spiked club!!
You die...

#### #...........................
, #............#..##.#.#...###
######............##.##.#.#...#
.....#............##.##.#.#...#
###.......5.......##..#.#.#...#
....≈≈≈≈≈.........###.#.#.#######
#...≈≈≈≈≈...5..(..# #...#.#...n..
#....._≈≈......O..####..#.#.#####
#.#.≈≈☼≈≈......h@5.# #.>#.#.....#
#.#.≈○○☼≈.########Y.###.#.#.....#
#.#.......# *#..##.#.#.....#
#.##..##### #...#[#.#)#####
#.#♣.## # #...#†#n# .. ..# * *
*####., #...#.#.### ,.....#
#.#.......# ,
......###......#.### * ,
,#...#...#........


You could see a sky beast, an ogre, 2 lemures, a hound and a white imp.

Vanquished Creatures
  Sigmund (D:5)
  A black bear (D:5)
  An ogre (D:5)
  A necrophage (D:5)
  A jelly (D:5)
  2 hounds
  5 adders
  An ufetubus (D:5)
  3 worms
  A dart slug (D:3)
  8 orcs
  6 bats
  5 endoplasms
  4 giant cockroaches
  8 goblins
  7 hobgoblins
  6 jackals
  13 kobolds
  4 quokkas
  6 ball pythons
  A frilled lizard (D:3)
  3 rats
88 creatures vanquished.

Notes
Turn   | Place    | Note
-------+----------+-------------------------------------------
     0 | D:1      | siradein the Deep Dwarf Necromancer began the quest for the
                  | Orb.
     0 | D:1      | Reached XP level 1. HP: 15/15 MP: 3/3
   178 | D:1      | Reached XP level 2. HP: 12/24 MP: 2/4
   276 | D:1      | Found a faded altar of an unknown god.
   841 | D:1      | Reached XP level 3. HP: 13/30 MP: 4/6
   850 | D:1      | Learned a level 3 spell: Vampiric Draining
   862 | D:1      | Reached skill level 5 in Necromancy
  1823 | D:2      | Reached XP level 4. HP: 32/37 MP: 0/7
  2593 | D:3      | Reached XP level 5. HP: 42/43 MP: 5/9
  2880 | D:3      | Reached skill level 1 in Armour
  3291 | D:4      | Reached skill level 6 in Necromancy
  3474 | D:4      | Found a stormy altar of Qazlal.
  3474 | D:4      | Found a sacrificial altar of Ru.
  3605 | D:4      | Found an opulent altar of Gozag.
  3606 | D:4      | Found an ancient bone altar of Kikubaaqudgha.
  3806 | D:5      | Entered Level 5 of the Dungeon
  3806 | D:5      | Noticed Sigmund
  3982 | D:5      | Noticed a black bear
  4006 | D:5      | Killed a black bear
  4007 | D:5      | Reached skill level 1 in Fighting
  4007 | D:5      | Reached skill level 1 in Maces & Flails
  4007 | D:5      | Reached XP level 6. HP: 46/51 MP: 6/10
  4163 | D:5      | Learned a level 4 spell: Animate Dead
  4297 | D:5      | Killed Sigmund
  4376 | D:5      | Found a staircase to the Ecumenical Temple.
  4401 | Temple   | Entered the Ecumenical Temple
  4446 | Temple   | Became a worshipper of Makhleb the Destroyer
  4613 | D:5      | Reached XP level 7. HP: 26/60 MP: 2/11
  4699 | D:5      | Found a shimmering blue altar of Sif Muna.
  4740 | D:5      | Slain by an ogre

Illustrated notes

Levels and vault maps discovered:
D:1:      minmay_arrival_four_houses, layout_rooms,
          ebering_ecumenical_altar_webs
D:2:      layout_basic
D:3:      layout_basic, minmay_unequal
D:4:      layout_loops_ring, mainiacjoe_overflow_divided_tiny,
          gammafunk_temple_overflow_pools
D:5:      layout_basic, nicolae_sif_muna_condensation,
          minmay_temple_entry_arrows, serial_shops, nicolae_shop_trees,
          solitary_fountain, uniq_sigmund, uniq_pikel
Temple:   ebering_untended_altars

Skill      XL: |  1  2  3  4  5  6  7 |
---------------+----------------------+-----
Spellcasting   | 2 3 |  3.3
Necromancy     | 5 6 |  6.9
Armour         | 1 2 |  2.5
Fighting       | 1 2 |  2.1
Maces & Flails | 1 2 |  2.0
Dodging        | 3 |  3.6
Stealth        | |  2.4

Action                   |  1- 3 |  4- 6 |  7- 9 || total
-------------------------+-------+-------+-------++-------
Melee: Club              |     7 |       |       ||     7
       Unarmed           |     5 |       |       ||     5
       Punch             |     1 |       |       ||     1
       Mace              |    36 |   154 |    23 ||   213
 Cast: Pain              |    39 |       |       ||    39
       Vampiric Draining |    15 |    23 |     2 ||    40
  Use: Scroll            |       |     4 |       ||     4
 Stab: Sleeping          |     2 |     3 |       ||     5
Armor: Robe              |    25 |     5 |       ||    30
       Ring mail         |       |   116 |    13 ||   129
Dodge: Dodged            |    59 |   133 |    22 ||   214

Table legend: (Time is in decaauts)
 A = Elapsed time spent in this place.
 B = Non-inter-level travel time spent in this place.
 C = Inter-level travel time spent in this place.
 D = Time resting spent in this place.
 E = Time spent auto-exploring this place.
 F = Levels seen in this place.
 G = Mean time per level.
                   A        B        C        D        E       F      G
               +--------+--------+--------+--------+--------+-----+--------+
         Total |   4820 |   4728 |     92 |    135 |   3426 |   6 |  803.3 |
       Dungeon |   4727 |   4635 |     92 |    135 |   3362 |   5 |  945.4 |
        Temple |     93 |     93 |      0 |      0 |     64 |   1 |   93.0 |
               +--------+--------+--------+--------+--------+-----+--------+

Top non-repeatable levels by time:
     D:2: 1340 daAuts
     D:1: 975 daAuts
     D:4: 896 daAuts
     D:5: 798 daAuts
     D:3: 716 daAuts
  Temple: 93 daAuts
